 Dungeon Crawl Stone Soup version 0.28.0-53-g5a82cb258f (webtiles) character file.

Game seed: 2935662448269994834

38 safid the Digger (level 3, 0/20 HPs)
             Began as a Gargoyle Earth Elementalist on Sept 2, 2022.
             Killed from afar by Terence (8 damage)
             ... with a puff of flame
             ... on level 2 of the Dungeon.
             The game lasted 00:01:58 (1895 turns).

safid the Digger (Gargoyle Earth Elementalist)      Turns: 1895, Time: 00:01:59

Health: 0/20       AC:  6    Str: 11    XL:     3   Next: 43%
Magic:  0/6        EV: 12    Int: 17    God:
Gold:   34         SH:  0    Dex: 10    Spells: 5/6 levels left

rFire   . . .      SeeInvis .   g - staff of conjuration
rCold   . . .      Faith    .   (no shield)
rNeg    + . .      Spirit   .   b - +0 robe
rPois   ∞          Reflect  .   (no helmet)
rElec   +          Harm     .   (no cloak)
rCorr   .          Rampage  .   e - +0 pair of gloves
Will    .....                   (no boots)
Stlth   ++........              (no amulet)
HPRegen 0.06/turn               (no ring)
MPRegen 0.10/turn               (no ring)

@: no status effects
A: sickness immunity, AC +3, negative energy resistance 1, electricity
resistance, torment resistance 1, petrification resistance
a: no special abilities


You were on level 2 of the Dungeon.
You visited 1 branch of the dungeon, and saw 2 of its levels.

You collected 34 gold pieces.

Inventory:

Missiles
 c - 12 stones
Armour
 b - a +0 robe (worn)
 e - a +0 pair of gloves (worn)
Magical Staves
 g - a staff of conjuration (weapon)
Scrolls
 a - a scroll of enchant weapon {unknown}
 d - a scroll of magic mapping {unknown}
Potions
 f - a potion of might {unknown}
 h - a potion of brilliance {unknown}
 i - a potion of curing {unknown}


   Skills:
 + Level 1.2 Fighting
 - Level 2.0 Dodging
 - Level 2.1 Stealth
 + Level 2.3 Spellcasting
 + Level 0.5 Conjurations
 - Level 1.0 Transmutations
 + Level 4.0 Earth Magic


You had 5 spell levels left.
You knew the following spells:

 Your Spells              Type           Power      Damage    Failure   Level
a - Sandblast             Erth           30%        2d9       3%          1

Your spell library contained the following spells:

 Spells                   Type           Power      Damage    Failure   Level
 Passwall                 Tmut/Erth      8%         N/A       10%         2
 Stone Arrow              Conj/Erth      28%        3d8       22%         3
 Static Discharge         Conj/Air       4%         N/A       26%         2
 Petrify                  Tmut/Erth      10%        N/A       54%         4
 Sticky Flame             Conj/Fire      4%         2d3       86%         4
 Dispel Undead            Necr           2%         3d7       88%         4


Dungeon Overview and Level Annotations

Branches:
Dungeon (2/15)

Altars:

Annotations:
D:2 Terence


Innate Abilities, Weirdness & Mutations

You are immune to sickness and miasma.
Your stone body is resilient. (AC +3)
You are immune to poison.
You resist negative energy. (rN+)
You are resistant to electric shocks. (rElec)
You are resistant to unholy torment.
You are immune to petrification.


Message History

The blast of sand hits Terence but does no damage.
Terence is moderately wounded.
Unknown command.
Casting: Sandblast (safe; 3% risk of failure)
Confirm with . or Enter, or press ? or * to list all spells.
Aiming: Sandblast (safe; 3% risk of failure)
Press: ? - help, Shift-Dir - straight line, f/p - Terence
Aim: Terence, wielding a +0 flail, wearing a +0 chain mail and carrying a wand of flame (15) (moderately wounded, 85% to hit)
The blast of sand hits Terence but does no damage.
Terence is moderately wounded.
Terence zaps a wand.
The puff of flame hits you.
A hobgoblin comes into view.
Casting: Sandblast (safe; 3% risk of failure)
Confirm with . or Enter, or press ? or * to list all spells.
Aiming: Sandblast (safe; 3% risk of failure)
Press: ? - help, Shift-Dir - straight line, f/p - Terence
Aim: Terence, wielding a +0 flail, wearing a +0 chain mail and carrying a wand of flame (14) (moderately wounded, 85% to hit)
The blast of sand hits Terence but does no damage.
Terence is moderately wounded.
The hobgoblin shouts!
Terence closely misses you.
Casting: Sandblast (safe; 3% risk of failure)
Confirm with . or Enter, or press ? or * to list all spells.
Aiming: Sandblast (safe; 3% risk of failure)
Press: ? - help, Shift-Dir - straight line, f/p - Terence
Aim: Terence, wielding a +0 flail, wearing a +0 chain mail and carrying a wand of flame (14) (moderately wounded, 85% to hit)
The blast of sand hits Terence but does no damage.
Terence is moderately wounded.
Terence misses you.
Casting: Sandblast (safe; 3% risk of failure)
Confirm with . or Enter, or press ? or * to list all spells.
Aiming: Sandblast (safe; 3% risk of failure)
Press: ? - help, Shift-Dir - straight line, f/p - Terence
Aim: Terence, wielding a +0 flail, wearing a +0 chain mail and carrying a wand of flame (14) (moderately wounded, 85% to hit)
The blast of sand hits Terence but does no damage.
Terence is moderately wounded.
Terence hits you with a +0 flail.
Terence zaps a wand.
The puff of flame hits you.
Terence zaps a wand.
The puff of flame hits you!
You die...

..#.......# #.#.#
#.#.......# #.#.#
#)#.......# #.#.#
###...g.....# #.#.#
#...........# #.#.#
#...........# #.#..
#.(...@# #.### #....###
### #.#.. #..@.# #.#
#.#.# #####....# #.#
#.#.# ........######.#
#....
.........[..##.#####.###
........#.#.....##...#
........#<###...##.###
.................).#
.........####.#.####.#
.....................#


You could see Terence and a hobgoblin.

Vanquished Creatures
  2 worms (D:2)
  4 bats
  3 endoplasms (D:1)
  A giant cockroach (D:2)
  3 goblins
  2 hobgoblins (D:1)
  7 jackals (D:2)
  A kobold (D:1)
  3 frilled lizards (D:1)
  A rat (D:1)
27 creatures vanquished.

Notes
Turn   | Place    | Note
-------+----------+-------------------------------------------
     0 | D:1      | safid the Gargoyle Earth Elementalist began the quest for
                  | the Orb.
     0 | D:1      | Reached XP level 1. HP: 10/10 MP: 3/3
   415 | D:1      | Reached skill level 1 in Transmutations
   415 | D:1      | Reached XP level 2. HP: 4/16 MP: 3/5
   646 | D:1      | Found a faded altar of an unknown god.
  1027 | D:1      | Reached skill level 1 in Fighting
  1581 | D:2      | Reached XP level 3. HP: 18/20 MP: 6/6
  1588 | D:2      | Reached skill level 4 in Earth Magic
  1886 | D:2      | Noticed Terence
  1895 | D:2      | Killed from afar by Terence

Illustrated notes

Levels and vault maps discovered:
D:1:      amcnicky_arrival_wind_blow, layout_rooms,
          shapermc_ecumenical_altar_mp_urbaneastern
D:2:      layout_basic, serial_shops, shop, uniq_terence

Skill      XL: |  1  2  3 |
---------------+----------+-----
Transmutations | 1 |  1.0
Fighting       | 1 |  1.2
Earth Magic    | 4 |  4.0
Dodging        | 2 |  2.0
Stealth        | |  2.1
Spellcasting   | |  2.3
Conjurations   | |  0.5

Action                   || total
-------------------------++-------
Melee: Mace              ||    42
       Punch             ||     2
       Staff             ||    33
 Cast: Sandblast         ||    18
 Stab: Sleeping          ||     5
Armor: Robe              ||    44
Dodge: Dodged            ||    79
